 Dungeon Crawl Stone Soup version 0.31-a0-177-g4aa6249778 (webtiles) character file.

Game seed: 10545372008165780912

260 qw the Chopper (level 6, -2/38 HPs)
             Began as a Gargoyle Fighter on June 18, 2023.
             Slain by a gnoll
             ... wielding a +0 spear
             ... led by a gnoll bouda
              (6 damage)
             ... on level 4 of the Dungeon.
             The game lasted 00:01:28 (2798 turns).

qw the Chopper (Gargoyle Fighter)                   Turns: 2798, Time: 00:01:28

Health: -2/38      AC: 17    Str: 21    XL:     6   Next: 17%
Magic:  6/6        EV:  5    Int:  9    God:
Gold:   235        SH:  4    Dex:  9    Spells: 5/5 levels left

rFire   . . .        Y - +3 war axe
rCold   . . .        c - +0 buckler
rNeg    + . .        g - +0 plate armour
rPois   inf          j - +0 helmet
rElec   +            (no cloak)
rCorr   .            (no gloves)
SInv    .            (no boots)
Will    .....        (no amulet) Stlth
                     (no ring)
HPRegen 0.26/turn    (no ring)
MPRegen 0.10/turn

%: no passive effects
@: no status effects
A: sickness immunity, AC +4, negative energy resistance 1, electricity
resistance, torment resistance 1, petrification resistance
a: no special abilities


You were on level 4 of the Dungeon.
You visited 1 branch of the dungeon, and saw 4 of its levels.

You collected 235 gold pieces.


Innate Abilities, Weirdness & Mutations

You are immune to sickness and miasma.
Your stone body is resilient. (AC +4)
You are immune to poison.
You resist negative energy. (rN+)
You are resistant to electric shocks. (rElec)
You are resistant to unholy torment.
You are immune to petrification.


   Skills:
 + Level 4.0 Fighting
 - Level 5.4 Axes
 - Level 3.2 Armour
 - Level 3.2 Shields


You had 5 spell levels left.
You didn't know any spells.
Your spell library was empty.

Inventory:

Hand Weapons
 b - a +0 mace
 Y - a +3 war axe (weapon)
Armour
 c - a +0 buckler (worn)
 g - a +0 plate armour (worn)
 j - a +0 helmet (worn)
Scrolls
 f - a scroll of identify
Potions
 d - 2 potions of might
 i - a potion of resistance

Dungeon Overview and Level Annotations

Branches:
Dungeon (4/15)
 Temple: D:4-7

Altars:
Gozag
Sif Muna


Message History

You hit the gnoll.
The gnoll is no longer moving quickly.
The gnoll hits you but does no damage. The gnoll completely misses you.
The gnoll bouda hits you with a +0 whip.
The gnoll hits you but does no damage.
The gnoll hits you from afar with a +0 spear.
You block the gnoll's attack.
The gnoll bouda calls upon its god to heal the gnoll.
The gnoll is healed somewhat.
2793 ||| DRINKING potion of heal wounds.
You feel much better. You block the gnoll's attack.
The gnoll hits you but does no damage.
The gnoll bouda calls upon its god to heal the gnoll.
The gnoll is healed somewhat.
The gnoll completely misses you.
You hit the gnoll bouda.
The gnoll bouda is heavily wounded.
You hit the gnoll but do no damage. You block the gnoll's attack.
The gnoll hits you but does no damage.
The gnoll bouda hits you with a +0 whip.
The gnoll hits you but does no damage.
You slash the gnoll bouda!
You kill the gnoll bouda!
You barely miss the gnoll. The gnoll hits you with a +0 whip.
The gnoll hits you but does no damage. The gnoll barely misses you.
You have reached level 6!
You hit the gnoll.
The gnoll is severely wounded.
The gnoll hits you but does no damage. x2
The gnoll hits you from afar with a +0 halberd!
The gnoll hits you but does no damage.
The gnoll hits you from afar with a +0 spear.
You block the gnoll's attack.
You slash the gnoll!
You kill the gnoll!
The gnoll is no longer moving quickly.
The gnoll hits you but does no damage. x2
Your Fighting skill increases to level 4!
The gnoll hits you with a +0 halberd.
The gnoll hits you from afar with a +0 spear.
You die...

..# #.# # #.# ^
#.#### ##.
#....###
#..#####.##...#
##.~.~.~.~.~.~.##
#¤..¤)......¤...#
#~.~g¤@~.~)~¤~.~#
#.¤¤.¤g.....¤.¤..#
..~.~.~.~.¤.¤¤¤.¤#
.#...¤¤¤.......¤.#
..~.~¤¤.~.¤.~.~¤¤#
.#...¤¤¤.........#
..~.~.~.¤.~.~.~.~#
##. ....¤........#
~.~.~.~.¤.~#


You could see 2 gnolls.

Vanquished Creatures
  A phantom (D:4)
  A jelly (D:4)
  A gnoll bouda (D:4)
  3 adders
  2 gnolls (D:4)
  A worm (D:2)
  2 dart slugs
  An orc (D:3)
  6 ball pythons
  6 bats
  7 endoplasms
  3 giant cockroaches
  2 hobgoblins (D:2)
  6 jackals
  3 kobolds
  3 quokkas
  2 frilled lizards
  9 goblins
  6 rats
65 creatures vanquished.

Notes
Turn   | Place    | Note
-------+----------+-------------------------------------------
     0 | D:1      | qw the Gargoyle Fighter began the quest for the Orb.
     0 | D:1      | Reached XP level 1. HP: 14/14 MP: 1/1
     0 | D:1      | 0 ||| qw: Version: 0.3-a-5-g6f28e65
     0 | D:1      | 0 ||| qw: Game counter: 687
     0 | D:1      | 0 ||| qw: Always use a shield: true
     0 | D:1      | 0 ||| qw: God list: Okawaru
     0 | D:1      | 0 ||| qw: Allow faded altars: false
     0 | D:1      | 0 ||| qw: Do Orc after D:15 true
     0 | D:1      | 0 ||| qw: Do second Lair branch before Depths: true
     0 | D:1      | 0 ||| qw: Lair rune preference: random
     0 | D:1      | 0 ||| qw: Plans: Normal, Zot:1-4, Slime:5, God:TSO, Crypt,
                  | Tomb, Abyss, Pan, Hells, Win
     0 | D:1      | 0 ||| PLANNING D:1-11
    61 | D:1      | Reached skill level 2 in Axes
   381 | D:1      | Reached XP level 2. HP: 18/19 MP: 2/2
   827 | D:1      | 827 ||| UPGRADING to +0 plate armour.
   837 | D:1      | 837 ||| DROPPING +0 scale mail.
   838 | D:1      | 838 ||| READING scroll labelled TID FECIF KEIG.
   839 | D:1      | 839 ||| DRINKING 2 fizzy pink potions.
   840 | D:1      | 840 ||| DROPPING potion of degeneration.
   923 | D:2      | Reached skill level 3 in Axes
   950 | D:2      | Reached XP level 3. HP: 23/23 MP: 3/3
   968 | D:2      | 968 ||| DROPPING +0 club.
  1131 | D:2      | Found a shimmering blue altar of Sif Muna.
  1276 | D:2      | 1276 ||| Stepping ~*~*~tactically~*~*~ (stealth).
  1278 | D:2      | 1278 ||| Stepping ~*~*~tactically~*~*~ (stealth).
  1292 | D:2      | 1292 ||| Stepping ~*~*~tactically~*~*~ (stealth).
  1789 | D:2      | 1789 ||| UPGRADING to +0 helmet.
  1794 | D:2      | 1794 ||| READING scroll labelled SOSUDY LOISAB.
  1795 | D:2      | 1795 ||| READING scroll labelled YMYREDICRE.
  1796 | D:2      | 1796 ||| READING 2 scrolls labelled OCISUA SURAAWO.
  1797 | D:2      | 1797 ||| READING scroll labelled JASCHA CUASOU.
  1798 | D:2      | 1798 ||| DRINKING 2 glowing blue potions.
  1799 | D:2      | 1799 ||| DROPPING potion of invisibility.
  1872 | D:3      | 1872 ||| FLEEEEING.
  1923 | D:3      | Reached XP level 4. HP: 26/28 MP: 4/4
  1986 | D:3      | 1986 ||| Stepping ~*~*~tactically~*~*~ (stealth).
  1988 | D:3      | 1988 ||| Stepping ~*~*~tactically~*~*~ (stealth).
  1989 | D:3      | 1989 ||| Stepping ~*~*~tactically~*~*~ (stealth).
  1990 | D:3      | 1990 ||| Stepping ~*~*~tactically~*~*~ (stealth).
  2039 | D:3      | Found a faded altar of an unknown god.
  2075 | D:3      | 2075 ||| Stepping ~*~*~tactically~*~*~ (stealth).
  2150 | D:3      | Reached skill level 4 in Axes
  2188 | D:3      | Identified the +0 chain mail of Conscience {rPois Dex+5}
  2243 | D:3      | Identified the +5 spear of the Dwarven Hall {chaos, rF++}
  2327 | D:3      | 2327 ||| READING scroll of enchant weapon.
  2327 | D:3      | 2327 ||| ENCHANTING +1 war axe.
  2361 | D:3      | 2361 ||| Stepping ~*~*~tactically~*~*~ (hiding).
  2362 | D:3      | 2362 ||| Stepping ~*~*~tactically~*~*~ (hiding).
  2363 | D:3      | 2363 ||| Stepping ~*~*~tactically~*~*~ (hiding).
  2365 | D:3      | 2365 ||| Stepping ~*~*~tactically~*~*~ (hiding).
  2366 | D:3      | 2366 ||| Stepping ~*~*~tactically~*~*~ (hiding).
  2367 | D:3      | 2367 ||| Stepping ~*~*~tactically~*~*~ (hiding).
  2368 | D:3      | 2368 ||| Stepping ~*~*~tactically~*~*~ (hiding).
  2369 | D:3      | 2369 ||| Stepping ~*~*~tactically~*~*~ (hiding).
  2404 | D:3      | 2404 ||| READING scroll of enchant weapon.
  2404 | D:3      | 2404 ||| ENCHANTING +2 war axe.
  2473 | D:3      | Found a shimmering blue altar of Sif Muna.
  2647 | D:3      | 2647 ||| DROPPING +0 chain mail of Conscience {rPois
                  | Dex+5}.
  2648 | D:3      | 2648 ||| READING scroll labelled YNOUQU WOCAEM.
  2649 | D:3      | 2649 ||| DRINKING 2 clear potions.
  2650 | D:3      | 2650 ||| READING 3 scrolls of identify.
  2650 | D:3      | 2650 ||| IDENTIFYING blue potion
  2651 | D:3      | 2651 ||| READING 2 scrolls of identify.
  2651 | D:3      | 2651 ||| IDENTIFYING metallic clear potion
  2652 | D:3      | 2652 ||| DROPPING potion of brilliance.
  2672 | D:4      | Found an opulent altar of Gozag.
  2719 | D:4      | Reached XP level 5. HP: 30/32 MP: 5/5
  2730 | D:4      | Noticed a phantom
  2747 | D:4      | Killed a phantom
  2748 | D:4      | Reached skill level 5 in Axes
  2792 | D:4      | HP: 8/32 [gnoll/+0 spear[a gnoll bouda] (2)]
  2793 | D:4      | 2793 ||| DRINKING potion of heal wounds.
  2796 | D:4      | Reached XP level 6. HP: 20/38 MP: 6/6
  2798 | D:4      | HP: 4/38 [gnoll/+0 halberd[a gnoll bouda] (5)]
  2798 | D:4      | Slain by a gnoll

Levels and vault maps discovered:
D:1:      wander_arrival_lonely_grave, layout_loops_corners
D:2:      layout_loops_corners, basic_altar
D:3:      layout_basic, kennysheep_orc_sif_temple, shapermc_ecumenical_altar_gd
D:4:      layout_loops_ring, lemuel_round_altar, st_stairs_7,
          minmay_misc_feat_enclosed, kennysheep_crisscross, minmay_snake_closets

Skill      XL: |  1  2  3  4  5  6 |
---------------+-------------------+-----
Axes           | 2 3 4 5 |  5.4
Fighting       | 4 |  4.0
Armour         | |  3.2
Shields        | |  3.2

Action                     |  1- 3 |  4- 6 || total
---------------------------+-------+-------++-------
  Melee: War axe           |   125 |   112 ||   237
    Use: Scroll            |     5 |     5 ||    10
         Potion            |     2 |     2 ||     4
 Armour: Scale mail        |    15 |       ||    15
         Plate armour      |    73 |   101 ||   174
  Dodge: Dodged            |    33 |    43 ||    76
  Block: Buckler           |    21 |    37 ||    58

Table legend:
 A = Non-vault XP
 B = Vault XP
 C = Vault XP percentage of total XP
 D = Non-vault monster count
 E = Vault monster count
 F = Vault count percentage of total count
                 A         B        C        D         E       F
            +---------+---------+-------+---------+---------+-------
      Total |     369 |       3 |   0.8 |      64 |       1 |   1.5
            +---------+---------+-------+---------+---------+-------
        D:1 |      23 |       0 |   0.0 |      13 |       0 |   0.0
        D:2 |      54 |       0 |   0.0 |      22 |       0 |   0.0
        D:3 |      64 |       3 |   4.5 |      22 |       1 |   4.3
        D:4 |     228 |       0 |   0.0 |       7 |       0 |   0.0
            +---------+---------+-------+---------+---------+-------
